 Dungeon Crawl Stone Soup version 0.21-a0-528-gf531e82 (webtiles) character file.

21380 Gerstahl the Fighter (level 12, -7/78 HPs)
             Began as a Gargoyle Monk on Dec 8, 2017.
             Was a High Priest of Nemelex Xobeh.
             Mangled by a salamander
             ... wielding a +0 trident
              (11 damage)
             ... in a volcano.
             The game lasted 00:38:43 (18848 turns).

Gerstahl the Fighter (Gargoyle Monk)               Turns: 18848, Time: 00:38:45

Health: -7/78      AC: 19    Str: 20    XL:     12   Next: 89%
Magic:  19/19      EV: 18    Int: 10    God:    Nemelex Xobeh [*****.]
Gold:   973        SH:  0    Dex: 17    Spells: 11/11 levels left

rFire    . . .     SeeInvis .   a - +1 falchion
rCold    . . .     Gourm    .   (no shield)
rNeg     + . .     Faith    .   b - +0 robe
rPois    ∞         Spirit   .   (helmet restricted)
rElec    +         Reflect  .   (no cloak)
rCorr    .         Harm     .   R - +1 pair of gloves
MR       .....                  h - +2 pair of boots
Stlth    ++........             q - amulet of magic regeneration
HPRegen  0.23/turn              e - +2 ring of protection
MPRegen  0.41/turn              t - +2 ring of strength

@: no status effects
A: beak, agile 1, negative energy resistance 1, electricity resistance,
unbreathing, petrification resistance, no potion heal 1, rot immunity, AC +8
a: Triple Draw, Deal Four, Stack Five, Renounce Religion


You were in a volcano.
You worshipped Nemelex Xobeh.
Nemelex Xobeh was extremely pleased with you.
You were very hungry.

You visited 3 branches of the dungeon, and saw 15 of its levels.
You also visited: Ossuary and Volcano.

You collected 973 gold pieces.

Inventory:

Hand Weapons
 a - a +1 falchion (weapon)
Armour
 b - a +0 robe (worn)
 h - a +2 pair of boots (worn)
 R - a +1 pair of gloves (worn)
Jewellery
 e - a +2 ring of protection (left hand)
 q - an amulet of magic regeneration (around neck)
 t - a +2 ring of strength (right hand)
Wands
 d - a wand of acid (6)
 w - a wand of flame (22)
Scrolls
 g - 9 scrolls of teleportation
 j - 8 scrolls of remove curse
 p - 5 scrolls of identify
 v - 2 scrolls of blinking
 L - 4 scrolls of amnesia
Potions
 i - a potion of brilliance
 u - a potion of haste
 x - 5 potions of curing
 E - a potion of cancellation
Miscellaneous
 k - a plain deck of summoning {drawn: 2}
 l - a plain deck of summoning
 K - a plain deck of destruction {drawn: 2}
 M - a plain deck of destruction
 Q - a plain deck of summoning
 U - a legendary deck of summoning {drawn: 1}
 Y - a plain deck of summoning
 Z - an ornate deck of destruction
Comestibles
 c - 13 bread rations
 n - 8 meat rations
 J - a royal jelly


   Skills:
 + Level 10.4 Fighting
 + Level 9.2 Long Blades
 + Level 8.5 Armour
 + Level 7.9 Dodging
 - Level 2.1 Stealth
 + Level 9.7 Invocations
 + Level 7.0 Evocations


You had 11 spell levels left.
You didn't know any spells.

Dungeon Overview and Level Annotations

Branches:
Dungeon (12/15)            Temple (1/1) D:6            Lair (2/6) D:8
    Orc (0/2) D:12
  Swamp: Lair:2-4    Shoals: Lair:2-4     Snake: Lair:2-4    Spider: Lair:2-4

Altars:
Cheibriados
Dithmenos
Elyvilon
Fedhas
Gozag
Hepliaklqana
Kikubaaqudgha
Makhleb
Nemelex Xobeh
Qazlal
Ru
Sif Muna
Trog
Uskayaw
Wu Jian
Zin
The Shining One

Shops:
D:6 [   D:8 *   D:12 =}


Innate Abilities, Weirdness & Mutations

You are resistant to torment.
Your stone body is resilient. (AC +8)
You are immune to poison.
You resist negative energy. (rN+)
You are resistant to electric shocks. (rElec)
You can survive without breathing.
You are immune to petrification.
You are immune to rotting.
You have a beak for a mouth.
You are agile. (Dex +2)
Potions are less effective at restoring your health.


Message History

The salamander hits you from afar with a trident.
You are engulfed in flames!
* * * LOW HITPOINT WARNING * * *
Your enchanted hand axe hits the salamander but does no damage.
Your enchanted hand axe hits the salamander.
Gerstahl's illusion hits the salamander!
The salamander hits you from afar with a trident.
* * * LOW HITPOINT WARNING * * *
You are engulfed in flames!
* * * LOW HITPOINT WARNING * * *
Things that are here:
a dagger; a robe Your system partially rejects the healing.
You feel much better. The salamander hits you!
* * * LOW HITPOINT WARNING * * *
You are engulfed in flames!
* * * LOW HITPOINT WARNING * * *
The salamander hits you from afar with a trident!
You die...
Your body glows with a rainbow of weird colours and disappears.

≈≈≈≈§§≈§≈≈≈≈≈≈§≈≈≈§§§≈§§≈≈≈§§≈§§§
≈≈≈≈≈≈ §§§≈§§≈≈≈ ≈≈§§≈ ≈§≈§ ≈≈§§
≈≈ §≈≈§ §§§ §≈≈§§§≈§ #######
#.≈≈≈§≈≈≈≈ +.....+ #§§§≈§§§§§
#.8N8.# #§§§≈≈§§§≈ #.N(@.#
#§§≈≈§≈≈§§ ###@### ###.≈≈≈≈§≈§≈
#.# .#..§§≈≈§§. #.# #.§§§≈§≈.≈
#.# #.§≈≈≈..≈≈ #(# #.≈≈§≈§§≈≈ #.#
#..§§.§≈≈≈ #.# #..§§≈≈§§§
#######'########...§≈§§§§


You could see 2 salamanders, a friendly enchanted hand axe and the friendly
Gerstahl's illusion.

Vanquished Creatures
  4 two-headed ogres
  An ogre mage (D:12)
  The ghost of anet the Thaumaturge, a journeyman DEWz of Ashenzari (D:10)
  A lindwurm (D:9)
  A deep elf mage (D:12)
  A manticore (D:11)
  A black mamba (Lair:1)
  Psyche (D:9)
  A gargoyle (D:12)
  A centaur skeleton (D:11)
  A komodo dragon (Lair:1)
  A hornet (D:8)
  Prince Ribbit (D:8)
  5 hippogriffs
  3 blink frogs (Lair:1)
  2 slime creatures (D:12)
  2 fire bats (Volcano)
  7 yaks
  2 wyverns
  A basilisk (D:11)
  A hungry ghost (D:10)
  2 soldier ants (D:8)
  2 hell hounds (D:8)
  A porcupine (Lair:1)
  3 water moccasins
  A swamp drake (D:12)
  6 orc warriors
  5 ice beasts
  2 black bears (D:7)
  2 sky beasts
  3 necrophages
  An eye of draining (D:12)
  5 ogres
  3 phantoms
  3 centaurs
  3 wolves (Lair:2)
  The ghost of Gerstahl the Skirmisher, an amateur GrMo (D:3)
  3 big kobolds
  6 crocodiles
  10 bullfrogs
  2 scorpions
  4 killer bees (D:7)
  5 howler monkeys
  3 wights (D:7)
  A lava snake (Volcano)
  7 crimson imps
  2 jellies
  6 hounds
  A bullfrog skeleton (D:11)
  3 quasits
  6 orc priests
  10 orc wizards
  Jessica (D:3)
  2 iguanas
  6 worker ants
  A hound skeleton (D:7)
  9 mummies
  2 howler monkey zombies
  13 adders
  3 gnolls (D:9)
  5 shadow imps
  An adder zombie (D:9)
  An adder skeleton (D:6)
  3 worms
  A dart slug (D:3)
  5 leopard geckos
  57 orcs
  3 giant cockroaches
  6 hobgoblins
  5 jackals
  6 quokkas
  2 ball pythons
  7 bats
  7 frilled lizards
  2 gnoll zombies (Ossuary)
  5 goblins
  A hobgoblin zombie (Ossuary)
  A jackal skeleton (D:4)
  A jackal zombie (D:6)
  17 kobolds
  3 kobold zombies (Ossuary)
  2 orc zombies (Ossuary)
  A quokka skeleton (D:6)
  8 rats
338 creatures vanquished.

Vanquished Creatures (collateral kills)
  An ice dragon (D:11)
  2 two-headed ogres (D:12)
  A salamander mystic (Volcano)
  A salamander (Volcano)
  2 slime creatures (D:12)
  2 yaks (D:12)
  An ice beast (D:7)
  A centaur (D:12)
  3 wights (D:6)
  A howler monkey (D:7)
  2 crimson imps
  3 orc priests
  2 orc wizards
  4 orcs
  2 kobolds (D:11)
28 creatures vanquished.

Vanquished Creatures (others)
  A manticore (D:11)
  A yak (D:12)
  An ogre (D:12)
  A centaur (D:9)
  3 killer bees (D:9)
  2 orc wizards
  An iguana (D:12)
  An adder (D:12)
  3 ball lightnings
  2 orcs (D:12)
  A fire vortex (D:12)
17 creatures vanquished.

Grand Total: 383 creatures vanquished

Notes
Turn   | Place    | Note
-------+----------+-------------------------------------------
     0 | D:1      | Gerstahl the Gargoyle Monk began the quest for the Orb.
     0 | D:1      | Reached XP level 1. HP: 14/14 MP: 1/1
   247 | D:1      | Reached XP level 2. HP: 13/19 MP: 2/2
   661 | D:2      | Found a hide-covered altar of Uskayaw.
   717 | D:2      | Reached skill level 4 in Fighting
   717 | D:2      | Reached XP level 3. HP: 24/24 MP: 3/3
  1432 | D:3      | Noticed Jessica
  1504 | D:3      | Killed Jessica
  1504 | D:3      | Reached XP level 4. HP: 16/30 MP: 4/4
  1679 | D:3      | Gained mutation: Potions are less effective at restoring your health. [potion of mutation]
  1679 | D:3      | Gained mutation: Your muscles are strong. (Str +2) [potion of mutation]
  1709 | D:3      | Reached XP level 5. HP: 7/34 MP: 5/5
  2059 | D:3      | Reached skill level 5 in Fighting
  2336 | D:3      | Noticed Gerstahl's ghost (amateur GrMo)
  2361 | D:3      | Killed Gerstahl's ghost
  2609 | D:4      | Noticed an ogre
  2846 | D:4      | Reached XP level 6. HP: 38/40 MP: 6/6
  3051 | D:4      | Found a burning altar of Makhleb.
  3114 | D:4      | Reached skill level 6 in Fighting
  3114 | D:4      | Reached skill level 5 in Long Blades
  3621 | D:5      | Entered Level 5 of the Dungeon
  3975 | D:5      | Reached XP level 7. HP: 45/47 MP: 7/7
  3976 | D:5      | Found a bloodstained altar of Trog.
  4385 | D:5      | Found a stormy altar of Qazlal.
  4763 | D:6      | Found a sand-covered staircase.
  4776 | Ossuary  | Entered an ossuary
  4801 | Ossuary  | Reached skill level 7 in Fighting
  5471 | D:6      | Reached XP level 8. HP: 21/54 MP: 8/8
  5489 | D:6      | Reached skill level 8 in Fighting
  5599 | D:6      | Found Fets's Armour Emporium.
  6075 | D:6      | Found a glowing golden altar of the Shining One.
  6144 | D:6      | Found a staircase to the Ecumenical Temple.
  6150 | Temple   | Entered the Ecumenical Temple
  6195 | Temple   | Became a worshipper of Nemelex Xobeh the Trickster
  6195 | Temple   | Received a gift from Nemelex Xobeh
  6195 | Temple   | Reached * piety under Nemelex Xobeh
  6195 | Temple   | Reached ** piety under Nemelex Xobeh
  6195 | Temple   | Received a gift from Nemelex Xobeh
  6370 | D:6      | Reached skill level 9 in Fighting
  6488 | D:6      | Found a snail-covered altar of Cheibriados.
  6675 | D:6      | Reached skill level 1 in Armour
  6675 | D:6      | Reached skill level 1 in Invocations
  6677 | D:6      | Reached XP level 9. HP: 53/60 MP: 9/9
  7003 | D:7      | Found a sacrificial altar of Ru.
  7249 | D:7      | Received a gift from Nemelex Xobeh
  8424 | D:8      | Reached XP level 10. HP: 65/66 MP: 13/13
  8552 | D:8      | Reached skill level 5 in Armour
  8552 | D:8      | Reached skill level 1 in Evocations
  8553 | D:8      | Reached skill level 5 in Invocations
  8581 | D:8      | Noticed Prince Ribbit
  8588 | D:8      | Killed Prince Ribbit
  8757 | D:8      | Found a bloodstained altar of Trog.
  8839 | D:8      | Found a staircase to the Lair.
  8852 | D:8      | Received a gift from Nemelex Xobeh
  8880 | D:8      | Reached *** piety under Nemelex Xobeh
  8999 | D:8      | Reached skill level 5 in Dodging
  9123 | D:8      | Found Acsaareu's General Store.
 10084 | D:9      | Noticed Psyche
 10100 | D:9      | Killed Psyche
 10239 | D:9      | Noticed a two-headed ogre
 10357 | D:9      | Received a gift from Nemelex Xobeh
 10559 | D:9      | Killed a two-headed ogre
 10559 | D:9      | Reached XP level 11. HP: 19/71 MP: 14/16
 10811 | D:9      | Noticed a two-headed ogre
 10818 | D:9      | Noticed a lindwurm
 10818 | D:9      | a two-headed ogre changed into a lindwurm
 10823 | D:9      | Killed a lindwurm
 11201 | D:9      | Received a gift from Nemelex Xobeh
 11518 | D:9      | Reached **** piety under Nemelex Xobeh
 11518 | D:9      | Received a gift from Nemelex Xobeh
 11854 | D:10     | Entered Level 10 of the Dungeon
 11945 | D:10     | You fall through a shaft!
 11945 | D:11     | Received a gift from Nemelex Xobeh
 12091 | D:11     | Noticed a six-headed hydra
 12097 | D:11     | Noticed an ice dragon
 12097 | D:11     | a six-headed hydra changed into an ice dragon
 12106 | D:11     | Killed an ice dragon
 12129 | D:11     | Noticed a manticore
 12139 | D:11     | Killed a manticore
 12398 | D:11     | Lost mutation: Your muscles are strong. (Str +2) [potion of mutation]
 12398 | D:11     | Gained mutation: You have a beak for a mouth. [potion of mutation]
 12398 | D:11     | Gained mutation: You are agile. (Dex +2) [potion of mutation]
 12418 | D:11     | Received a gift from Nemelex Xobeh
 12925 | D:11     | Reached skill level 5 in Evocations
 13112 | D:11     | Noticed a manticore
 13118 | D:11     | Killed a manticore
 13653 | D:10     | Noticed anet's ghost (journeyman DEWz)
 13661 | D:10     | Killed anet's ghost
 13966 | D:10     | Received a gift from Nemelex Xobeh
 14014 | D:10     | Reached ***** piety under Nemelex Xobeh
 14319 | D:12     | Noticed a two-headed ogre
 14319 | D:12     | Noticed a two-headed ogre
 14319 | D:12     | Noticed a two-headed ogre
 14415 | D:12     | Got a ruby-encrusted ring mail
 14433 | D:12     | Identified the +4 ring mail of Xikhlerim {rPois rC+++ MR++ Slay-2} (You found it on level 12 of the Dungeon)
 14639 | D:12     | Reached XP level 12. HP: 29/76 MP: 18/18
 14912 | D:12     | Noticed a two-headed ogre
 14979 | D:12     | Found a staircase to the Orcish Mines.
 15535 | D:12     | Received a gift from Nemelex Xobeh
 15771 | D:12     | Found Cydich's Jewellery Emporium.
 15798 | D:12     | Found Coxzad's Gadget Shoppe.
 15901 | D:12     | Noticed a two-headed ogre
 15904 | D:12     | Killed a two-headed ogre
 15906 | D:12     | Noticed an ogre mage
 15916 | D:12     | Killed a two-headed ogre
 15916 | D:12     | Killed a two-headed ogre
 15919 | D:12     | Killed a two-headed ogre
 15919 | D:12     | Reached skill level 10 in Fighting
 15925 | D:12     | Killed an ogre mage
 15930 | D:12     | Killed a two-headed ogre
 16635 | Lair:1   | Entered Level 1 of the Lair of Beasts
 16966 | Lair:1   | Received a gift from Nemelex Xobeh
 18249 | Lair:2   | Received a gift from Nemelex Xobeh
 18273 | Lair:2   | Found a dark tunnel.
 18281 | Volcano  | Entered a volcano
 18826 | Volcano  | Found a burning altar of Makhleb.
 18848 | Volcano  | Mangled by a salamander

Vault maps used:
D:1:      minmay_arrival_diagonal_passages
D:2:      nicolae_overflow_hidden_temple, first_bread, grunt_ministairs_1,
          minivault_5
D:3:      hex_medium, uniq_jessica
D:4:      nicolae_overflow_crystal_walls
D:5:      nicolae_qazlal_eye_of_the_storm, trog_butcher_becter
D:6:      tso_metal_star, slow_altar_2, minmay_temple_entry_hall,
          enter_ossuary_1, serial_shops, kennysheep_mini_moat
D:7:      nicolae_ru_sacrificial_ziggurat
D:8:      bloody_trog, minmay_lair_entry_lava, serial_shops, shop,
          hangedman_pestilent_swarm, uniq_prince_ribbit1
D:9:      uniq_psyche
D:12:     erik_orc_1, serial_shops, nicolae_shop_crystal, shop
Temple:   regret_index_temple_waves
Lair:1:   grunt_megastairs_2
Lair:2:   nicolae_volcano_entry_s_turn, forest_entry_grove
Ossuary:  ossuary_tomb_3
Volcano:  volcano_lake

Skill      XL: |  1  2  3  4  5  6  7  8  9 10 11 12 |
---------------+-------------------------------------+-----
Long Blades    | 3 4 5 6 7 8 9 |  9.2
Fighting       | 4 5 6 7 9 10 | 10.4
Armour         | 1 4 6 8 |  8.5
Invocations    | 1 4 6 8 9 |  9.7
Dodging        | 4 5 7 |  7.9
Evocations     | 4 5 7 |  7.0
Stealth        | |  2.1

Action                   |  1- 3 |  4- 6 |  7- 9 | 10-12 || total
-------------------------+-------+-------+-------+-------++-------
Melee: Falchion          |   164 |   161 |   688 |   988 ||  2001
       Peck              |       |       |       |   199 ||   199
Evoke: Deck              |       |       |     5 |    40 ||    45
       Wand              |       |       |       |    17 ||    17
  Use: Potion            |     1 |     2 |     3 |     8 ||    14
       Scroll            |       |       |    15 |     7 ||    22
 Stab: Sleeping          |     3 |     4 |     5 |     4 ||    16
       Distracted        |       |       |     2 |     2 ||     4
  Eat: Chunk             |       |    10 |     5 |    15 ||    30
       Royal jelly       |       |       |     4 |    11 ||    15
       Fruit             |       |       |     3 |     3 ||     6
Armor: Robe              |    55 |    63 |   261 |   447 ||   826
       Skin              |    34 |       |       |       ||    34
Dodge: Dodged            |    90 |   104 |   466 |   847 ||  1507
       Rpst.: Falchion   |    32 |    36 |   133 |   241 ||   442

Table legend:
 A = Spawn XP
 B = Non-spawn XP
 C = Spawn XP percentage of total XP
 D = Spawn monster count
 E = Non-spawn monster count
 F = Spawn count percentage of total count
 G = Total turns spent on level
                    A         B        C        D         E        F      G
               +---------+---------+-------+---------+---------+-------+---------
         Total |       0 |   30543 |   0.0 |       0 |     379 |   0.0 | 18848
               +---------+---------+-------+---------+---------+-------+---------
           D:1 |       0 |      18 |   0.0 |       0 |      15 |   0.0 |   554
           D:2 |       0 |      41 |   0.0 |       0 |      21 |   0.0 |   795
           D:3 |       0 |     232 |   0.0 |       0 |      23 |   0.0 |  1232
           D:4 |       0 |     212 |   0.0 |       0 |      12 |   0.0 |  1040
           D:5 |       0 |     373 |   0.0 |       0 |      23 |   0.0 |  1274
           D:6 |       0 |    1367 |   0.0 |       0 |      37 |   0.0 |  1209
           D:7 |       0 |    2129 |   0.0 |       0 |      46 |   0.0 |  1495
           D:8 |       0 |    2531 |   0.0 |       0 |      27 |   0.0 |  1741
           D:9 |       0 |    3262 |   0.0 |       0 |      25 |   0.0 |  1829
          D:10 |       0 |    1531 |   0.0 |       0 |      24 |   0.0 |   871
          D:11 |       0 |    4202 |   0.0 |       0 |      26 |   0.0 |  1708
          D:12 |       0 |    9171 |   0.0 |       0 |      56 |   0.0 |  2163
        Lair:1 |       0 |    3522 |   0.0 |       0 |      18 |   0.0 |  1534
        Lair:2 |       0 |     588 |   0.0 |       0 |       5 |   0.0 |   112
       Ossuary |       0 |     155 |   0.0 |       0 |      16 |   0.0 |   567
       Volcano |       0 |    1209 |   0.0 |       0 |       5 |   0.0 |   567
               +---------+---------+-------+---------+---------+-------+---------
